 Dungeon Crawl Stone Soup version 0.25-a0-189-gf71692caf1 (webtiles) character file.

Game seed: 4595963962062075659, levelgen mode: deterministic

8351 Nierin the Cleaver (level 11, -2/79 HPs)
             Began as a Minotaur Berserker on Nov 29, 2019.
             Was an Elder of Trog.
             Killed from afar by a raiju (20 damage)
             ... with a living lightning
             ... on level 2 of the Abyss.
             The game lasted 01:08:36 (8181 turns).

Nierin the Cleaver (Minotaur Berserker)             Turns: 8181, Time: 01:08:37

Health: -2/79      AC: 13    Str: 18    XL:     11   Next: 8%
Magic:  10/10      EV:  8    Int:  7    God:    Trog [****..]
Gold:   493        SH: 10    Dex: 13    Spells: 10/10 levels left

rFire    + . .     SeeInvis .   t - +3 hand axe
rCold    . . .     Gourm    .   G - +0 shield
rNeg     . . .     Faith    .   J - +3 plate armour {rF+}
rPois    .         Spirit   .   (helmet restricted)
rElec    .         Reflect  .   (no cloak)
rCorr    +         Harm     .   (no gloves)
MR       .....                  h - +0 pair of boots
Stlth    ..........             (no amulet)
HPRegen  0.23/turn              i - +3 ring of intelligence
MPRegen  0.12/turn              e - ring of resist corrosion

@: no status effects
A: retaliatory headbutt, horns 2, [blurry vision 2], [deformed body], [frail 2],
[weak 2], [subdued magic 2]
a: Berserk, Trog's Hand, Brothers in Arms, Renounce Religion


You were on level 2 of the Abyss.
You worshipped Trog.
Trog was greatly pleased with you.
You were not hungry.

You visited 2 branches of the dungeon, and saw 10 of its levels.
You visited the Abyss 1 time.

You collected 493 gold pieces.

Inventory:

Hand Weapons
 t - a +3 hand axe (weapon)
 w - a +4 spear
 F - a +1 battleaxe of freezing
Missiles
 r - 2 throwing nets (quivered)
Armour
 h - a +0 pair of boots (worn)
 G - a +0 shield (worn)
 J - a +3 plate armour of fire resistance (worn)
Jewellery
 e - a ring of resist corrosion (right hand)
 g - a +2 ring of intelligence
 i - a +3 ring of intelligence (left hand)
 n - an uncursed ring of ice
Wands
 j - a wand of acid (4)
 y - a wand of iceblast (10)
 z - a wand of polymorph (5)
 A - a wand of flame (8)
 D - a wand of enslavement (9)
Scrolls
 d - 2 scrolls of identify
 k - a scroll of teleportation
 m - 5 scrolls of remove curse
 x - 2 scrolls of fog
 H - 2 scrolls of magic mapping
 I - a scroll of immolation
Potions
 a - a potion of agility
 f - a potion of heal wounds
 o - 4 potions of curing
 p - a potion of haste
 q - a potion of magic
 s - 3 potions of lignification
 u - a potion of resistance
 v - 3 potions of might
 E - a potion of mutation
Comestibles
 c - 15 rations


   Skills:
 + Level 9.8 Fighting
 * Level 11.3(11.4) Axes
 - Level 2.3(7.7) Polearms
 + Level 9.5 Armour
 + Level 8.7 Dodging
 + Level 6.8 Shields


You had 10 spell levels left.
You didn't know any spells.
Your spell library was empty.

Dungeon Overview and Level Annotations

Branches:
Dungeon (9/15)             Temple (0/1) D:5            Lair (1/6) D:8
    Orc: D:9-12

Altars:
Cheibriados
Sif Muna

Shops:
D:5 (   D:6 *

Annotations:
D:9 Psyche
Lair:1 exclusion: oklob plant


Innate Abilities, Weirdness & Mutations

You reflexively headbutt those who attack you in melee.
You have a pair of horns on your head.
[Scrolls take you longer to read.]
[Armour fits poorly on your strangely shaped body.]
[You are very frail. (-20% HP)]
[You are very weak. (Str -4)]
[Your spells are easier to cast, but less powerful.]


Message History

The floor.
Unknown command.
A raiju comes into view. x2
The raiju barks!
You hear a bark!
You hear a shout!
A hell hound comes into view.
A hell hound comes into view.
The hell hound barks!
You hear a shout!
You hear a bark!
A naga comes into view. It is wielding a +0 glaive.
A hell hound comes into view.
The raiju bursts into living lightning!
The living lightning hits you!
The raiju blinks!
The insubstantial wisp gives a chilling moan.
The raiju bursts into living lightning!
The living lightning hits you!
* * * LOW HITPOINT WARNING * * *
The raiju blinks!
Found 40 gold pieces.
The raiju bursts into living lightning!
The living lightning hits you!!
You die...

. . ##. . ..## N# ##
##. #$. # h #.# #.#
#h# .#.#. h
.##..###.#...... #.
#.#.....@..# h
.###.##..##....#.#
..#....h.#..#.h#.....#
#.###h....#.h.#..#..#
#h.####.#....#...#..#
#..h..#.#...##.#.# ...
#.#..#.v#...#.# ..#
#.ยง#.##.......##.
##$X####..#.. .. . .


You could see a raiju, 2 hell hounds and an insubstantial wisp.

Vanquished Creatures
  A hydra (Lair:1)
  Harold (D:7)
  A two-headed ogre (D:8)
  3 spiny frogs (Lair:1)
  A hornet (D:4)
  2 wyverns (D:9)
  Eustachio (D:4)
  7 yaks
  A warg (Lair:1)
  Duvessa (D:4)
  4 orc warriors
  2 sky beasts (D:6)
  An ice beast (D:9)
  6 ogres
  2 phantoms
  3 centaurs
  A wolf (Lair:1)
  A crocodile (D:8)
  Dowan (D:4)
  6 bullfrogs
  4 killer bees (D:8)
  4 wights
  A howler monkey (D:6)
  4 crimson imps
  A bullfrog zombie (D:9)
  4 jellies
  A quasit (D:8)
  2 hounds
  2 orc priests
  An orc wizard (D:4)
  A bullfrog skeleton (D:5)
  A centaur skeleton (D:4)
  An iron imp (Abyss:2)
  2 iguanas
  5 worker ants
  Natasha (twice) (D:2)
  A hound zombie (D:9)
  3 worker ant zombies
  7 adders
  3 gnolls (D:3)
  2 shadow imps
  An adder zombie (D:9)
  A worm (D:3)
  A dart slug (D:1)
  4 leopard geckos
  30 orcs
  3 ball pythons
  6 giant cockroaches
  10 goblins
  10 hobgoblins
  7 jackals
  3 quokkas
  8 bats
  6 frilled lizards
  16 kobolds
  A leopard gecko skeleton (D:8)
  A leopard gecko zombie (D:6)
  6 rats
  2 fungi
214 creatures vanquished.

Notes
Turn   | Place    | Note
-------+----------+-------------------------------------------
     0 | D:1      | Nierin the Minotaur Berserker began the quest for the Orb.
     0 | D:1      | Reached XP level 1. HP: 19/19 MP: 0/0
    64 | D:1      | Reached XP level 2. HP: 21/27 MP: 1/1
   306 | D:1      | Reached skill level 4 in Axes
   383 | D:1      | Reached ** piety under Trog
   389 | D:1      | Reached XP level 3. HP: 30/33 MP: 2/2
   625 | D:2      | Noticed Natasha
   631 | D:2      | Killed Natasha
   661 | D:2      | Reached XP level 4. HP: 41/41 MP: 3/3
   713 | D:2      | Found a faded altar of an unknown god.
   851 | D:2      | Noticed Natasha
   856 | D:2      | Killed Natasha
   992 | D:2      | Reached XP level 5. HP: 47/47 MP: 4/4
  1348 | D:3      | Reached *** piety under Trog
  1466 | D:3      | Reached skill level 5 in Axes
  1786 | D:3      | Found a snail-covered altar of Cheibriados.
  1946 | D:3      | Reached skill level 5 in Fighting
  1946 | D:3      | Reached XP level 6. HP: 45/56 MP: 5/5
  2084 | D:4      | Noticed a hornet
  2131 | D:4      | Killed a hornet
  2131 | D:4      | Reached skill level 6 in Axes
  2314 | D:4      | Reached XP level 7. HP: 61/61 MP: 6/6
  2360 | D:4      | Found a shimmering blue altar of Sif Muna.
  2389 | D:4      | Reached skill level 5 in Armour
  2523 | D:4      | Noticed Eustachio
  2528 | D:4      | Killed Eustachio
  2528 | D:4      | Reached skill level 7 in Axes
  2843 | D:4      | Reached skill level 5 in Dodging
  2886 | D:4      | Reached XP level 8. HP: 57/70 MP: 7/7
  3117 | D:4      | Noticed Duvessa
  3120 | D:4      | Noticed Dowan
  3135 | D:4      | Killed Duvessa
  3135 | D:4      | Reached skill level 8 in Axes
  3138 | D:4      | Killed Dowan
  3652 | D:5      | Entered Level 5 of the Dungeon
  3866 | D:5      | Reached **** piety under Trog
  3874 | D:5      | Found a staircase to the Ecumenical Temple.
  4049 | D:5      | Found Necamury's Antique Weapon Emporium.
  4370 | D:6      | Found Houbb's General Store.
  4470 | D:6      | Reached skill level 9 in Axes
  4470 | D:6      | Reached skill level 1 in Shields
  4587 | D:6      | Reached XP level 9. HP: 79/79 MP: 8/8
  5308 | D:7      | Noticed Harold
  5522 | D:7      | Killed Harold
  5734 | D:7      | You fall into a shaft and drop 1 floor!
  5787 | D:8      | Reached skill level 10 in Axes
  5810 | D:8      | Found a staircase to the Lair.
  5823 | D:8      | Reached ***** piety under Trog
  5841 | Lair:1   | Entered Level 1 of the Lair of Beasts
  5862 | Lair:1   | Reached XP level 10. HP: 46/90 MP: 9/9
  5898 | Lair:1   | Reached skill level 5 in Shields
  6110 | Lair:1   | Noticed a spiny frog
  6120 | Lair:1   | Killed a spiny frog
  6308 | Lair:1   | Noticed an oklob plant
  6365 | Lair:1   | Noticed a spiny frog
  6401 | Lair:1   | Killed a spiny frog
  6591 | Lair:1   | Noticed a spiny frog
  6614 | Lair:1   | Killed a spiny frog
  6679 | Lair:1   | Noticed a four-headed hydra
  6734 | Lair:1   | Killed a four-headed hydra
  6734 | Lair:1   | Reached skill level 1 in Polearms
  7019 | D:8      | Received a gift from Trog
  7131 | D:8      | Noticed a two-headed ogre
  7142 | D:8      | Killed a two-headed ogre
  7142 | D:8      | Reached skill level 11 in Axes
  7579 | D:9      | Reached XP level 11. HP: 99/99 MP: 10/10
  7791 | D:9      | Noticed Psyche
  7819 | D:9      | Cast into level 2 of the Abyss (Psyche)
  7900 | Abyss:2  | Noticed a starcursed mass
  7916 | Abyss:2  | Noticed a wretched star
  7925 | Abyss:2  | Noticed a tentacled starspawn
  8150 | Abyss:2  | Noticed a daeva
  8157 | Abyss:2  | Noticed a sphinx
  8181 | Abyss:2  | Killed from afar by a raiju

Levels and vault maps discovered:
D:1:      dpeg_arrival_stone_temple_mockup, layout_rooms
D:2:      layout_basic, chequers_ecumenical_altar_grove, minmay_tetromino_l4,
          uniq_natasha
D:3:      layout_basic, lemuel_tele_altar
D:4:      layout_layer_cave, old_standard_altar, uniq_eustachio, uniq_duvessa
D:5:      layout_cave_pools, minmay_temple_entry_grid, serial_shops,
          shop_fountains, first_ration
D:6:      layout_cave_pods, serial_shops, shop
D:7:      layout_rooms, uniq_harold
D:8:      layout_basic, dpeg_oklobed_lair, enter_bailey_8
D:9:      layout_roguey, hangedman_ranch [blue_anna_fruit_fields], uniq_psyche
Lair:1:   beast_lair_carwin_large_1, layout_big_grid, minmay_lair_oklob_bushes
Abyss:2:  base: Bailey, minivault_27, hangedman_abyss_lost_library

Skill      XL: |  1  2  3  4  5  6  7  8  9 10 |
---------------+-------------------------------+-----
Fighting       | 4 5 6 7 8 9 |  9.8
Axes           | 4 5 6 7 9 10 11 | 11.3
Armour         | 3 4 5 6 8 9 |  9.5
Dodging        | 3 4 5 6 7 8 |  8.7
Shields        | 1 4 6 |  6.8
Polearms       | 2 |  2.3

Action                   |  1- 3 |  4- 6 |  7- 9 | 10-12 || total
-------------------------+-------+-------+-------+-------++-------
Melee: Hand axe          |    69 |   103 |   280 |    83 ||   535
       Headbutt          |     9 |    22 |    70 |    48 ||   149
       Spear             |       |       |       |    90 ||    90
       Battleaxe         |       |       |       |    16 ||    16
Invok: Berserk           |     1 |     2 |     8 |     7 ||    18
       Trog's Hand       |     1 |       |       |     1 ||     2
       Brothers in Arms  |       |       |       |     1 ||     1
Evoke: Wand              |       |       |       |     3 ||     3
  Use: Scroll            |       |     1 |     8 |    13 ||    22
       Potion            |       |       |     4 |     3 ||     7
  Eat: Chunk             |     1 |     6 |    12 |    10 ||    29
       Ration            |       |       |     2 |     2 ||     4
Armor: Animal skin       |     7 |       |       |       ||     7
       Scale mail        |    24 |    47 |     2 |       ||    73
       Leather armour    |       |       |    36 |       ||    36
       Plate armour      |       |       |    19 |    63 ||    82
Dodge: Dodged            |    50 |    81 |   132 |    52 ||   315
Block: Buckler           |       |       |    23 |    11 ||    34
       Shield            |       |       |       |    35 ||    35

Table legend:
 A = Non-vault XP
 B = Vault XP
 C = Vault XP percentage of total XP
 D = Non-vault monster count
 E = Vault monster count
 F = Vault count percentage of total count
                 A         B        C        D         E       F
            +---------+---------+-------+---------+---------+-------
      Total |   10124 |    1806 |  15.1 |     200 |      12 |   5.7
            +---------+---------+-------+---------+---------+-------
        D:1 |      51 |       0 |   0.0 |      30 |       0 |   0.0
        D:2 |     100 |      53 |  34.6 |      22 |       5 |  18.5
        D:3 |     194 |       0 |   0.0 |      22 |       0 |   0.0
        D:4 |     966 |     431 |  30.9 |      21 |       3 |  12.5
        D:5 |     364 |       0 |   0.0 |      12 |       0 |   0.0
        D:6 |    1016 |       0 |   0.0 |      26 |       0 |   0.0
        D:7 |     395 |     992 |  71.5 |       6 |       1 |  14.3
        D:8 |    2721 |       0 |   0.0 |      26 |       0 |   0.0
        D:9 |    1263 |       0 |   0.0 |      25 |       0 |   0.0
     Lair:1 |    3015 |     330 |   9.9 |       9 |       3 |  25.0
    Abyss:2 |      39 |       0 |   0.0 |       1 |       0 |   0.0
            +---------+---------+-------+---------+---------+-------
